AoeStats
← kOtH

African Clearing

504660718Analyzed
4v4 RM · 25d ago on Sep 6, 2026· 63m 29s· 8 players
Game mode
Random Map
Map size
Large (8 player)
Population
200
Speed
Normal
Resources
Standard
Victory
Conquest
Starting age
Dark Age
Ending age
Imperial Age
RankedLock teamsTeams togetherTeam positionsShared explorationLock speedFull tech treeHidden civsTurbo modeCheats
Victory
Defeat
🇲🇽 Italians · Mexico
1352
+10
🇲🇽 Mongols · Mexico
1316
+11
🇨🇱 Berbers · Chile
1302
+12
🇺🇸 Khitans · United States
1132
+17
🇨🇱 Aztecs · Chile
1222
-13
🇲🇽 Magyars · Mexico
1214
-13
🇺🇸 Vietnamese · United States
1186
-12
🇨🇱 Romans · Chile
1180
-12
[ Wildpigs ] Mau
4:01 Loom
13:10 Feudal Age
13:38 Double-Bit Axe
18:15 Scale Barding Armor
19:40 Wheelbarrow
22:46 Castle Age
22:04 Bloodlines
21:54 Gold Mining
23:47 Chain Barding Armor
25:28 Husbandry
29:02 Stone Mining
31:40 Gold Shaft Mining
33:17 Elite Skirmisher
35:27 Horse Collar
36:14 Hand Cart
38:56 Corvinian Army
42:37 Imperial Age
41:29 Fletching
41:39 Padded Archer Armor
42:07 Bodkin Arrow
45:18 Bracer
45:33 Leather Archer Armor
45:05 Imperial Skirmisher
47:31 Ballistics
48:44 Chemistry
47:30 Light Cavalry
49:33 Cavalier
51:00 Town Watch
51:55 Plate Barding Armor
53:27 Paladin
54:41 Bow Saw
56:49 Light Cavalry
Chiggen Tendiezzz
11:28 Feudal Age
12:45 Double-Bit Axe
13:03 Horse Collar
13:33 Loom
14:35 Fletching
17:57 Wheelbarrow
20:35 Castle Age
19:47 Padded Archer Armor
21:38 Bow Saw
21:42 Bloodlines
22:45 Bodkin Arrow
23:28 Hand Cart
25:14 Thumb Ring
25:19 Heavy Plow
26:06 Gold Mining
27:06 Husbandry
31:56 Leather Archer Armor
31:39 Town Watch
33:50 Town Patrol
34:31 Ballistics
40:49 Imperial Age
46:00 Two-Man Saw
48:40 Elite Skirmisher
50:02 Imperial Skirmisher
53:00 Chemistry
51:41 Treadmill Crane
54:56 Heavy Cavalry Archer
57:20 Bracer
57:51 Ring Archer Armor
NPG | Kenji
3:44 Loom
14:57 Feudal Age
14:59 Man-at-Arms
18:06 Double-Bit Axe
25:03 Horse Collar
25:26 Fletching
25:37 Padded Archer Armor
31:41 Gold Mining
31:41 Stone Mining
36:32 Castle Age
35:26 Scale Mail Armor
35:36 Forging
36:32 Crossbowman
36:51 Elite Skirmisher
37:29 Bodkin Arrow
37:50 Leather Archer Armor
39:39 Gold Shaft Mining
41:32 Ballistics
44:26 Imperial Age
41:35 Eagle Warrior
42:38 Chain Mail Armor
43:15 Wheelbarrow
44:16 Pikeman
46:51 Plate Mail Armor
46:57 Iron Casting
49:11 Squires
57:18 Imperial Skirmisher
[KKCK]elSalmon
4:04 Loom
14:11 Feudal Age
18:21 Castle Age
16:37 Forging
16:18 Double-Bit Axe
19:33 Bow Saw
22:31 Wheelbarrow
29:56 Masonry
29:56 Fortified Wall
31:10 Horse Collar
35:17 Imperial Age
33:56 Iron Casting
33:12 Fletching
33:50 Padded Archer Armor
34:14 Fervor
35:31 Heavy Plow
35:28 Bodkin Arrow
35:42 Gold Mining
37:10 Chemistry
35:32 Heavy Scorpion
36:49 Crop Rotation
37:44 Blast Furnace
36:59 Leather Archer Armor
37:56 Ballistics
37:41 Scale Mail Armor
38:35 Hand Cart
38:06 Town Watch
38:53 Ballistas
38:59 Squires
38:21 Man-at-Arms
39:03 Long Swordsman
40:18 Ring Archer Armor
40:07 Legionary
42:49 Chain Mail Armor
42:40 Scale Barding Armor
45:36 Pikeman
46:41 Conscription
46:41 Comitatenses
53:31 Capped Ram
56:41 Halberdier
58:21 Bloodlines
57:32 Light Cavalry
61:18 Husbandry
RaffaEP
3:57 Loom
13:42 Feudal Age
18:54 Castle Age
16:57 Stone Mining
16:54 Double-Bit Axe
18:48 Gold Mining
23:05 Wheelbarrow
29:29 Bow Saw
30:04 Husbandry
31:05 Hand Cart
32:10 Scale Barding Armor
32:19 Forging
32:21 Fletching
33:55 Domestication
38:10 Imperial Age
35:46 Scale Mail Armor
37:37 Thumb Ring
37:45 Elite Skirmisher
39:46 Iron Casting
39:27 Town Watch
40:17 Town Patrol
41:30 Chemistry
41:41 Chain Barding Armor
41:37 Chain Mail Armor
41:29 Lamellar Armor
42:57 Plate Barding Armor
42:06 Treadmill Crane
42:47 Ballistics
42:25 Murder Holes
44:04 Plate Mail Armor
43:48 Elite Liao Dao
44:20 Pikeman
44:46 Gambesons
44:47 Arson
45:03 Squires
45:43 Bodkin Arrow
45:49 Padded Archer Armor
46:31 Ordo Cavalry
46:48 Conscription
47:01 Bracer
46:40 Heavy Rocket Cart
48:20 Leather Archer Armor
50:16 Ring Archer Armor
50:17 Elite Steppe Lancer
53:15 Elite Fire Lancer
56:03 Light Cavalry
59:21 Hussar
62:45 Two-Man Saw
kOtH
3:54 Loom
13:20 Feudal Age
16:07 Double-Bit Axe
22:38 Fletching
23:55 Horse Collar
31:13 Castle Age
29:51 Stone Mining
30:24 Padded Archer Armor
30:26 Gold Mining
31:27 Crossbowman
33:24 Wheelbarrow
36:43 Bodkin Arrow
38:25 Ballistics
41:09 Leather Archer Armor
45:17 Imperial Age
44:29 Stone Shaft Mining
48:01 Bracer
52:53 Ring Archer Armor
53:27 Hand Cart
53:28 Elite Genoese Crossbowman
58:20 Chemistry
Rosse SinClan
4:11 Loom
13:51 Feudal Age
14:42 Double-Bit Axe
18:18 Fletching
27:16 Castle Age
26:08 Padded Archer Armor
26:46 Horse Collar
27:29 Crossbowman
28:17 Bodkin Arrow
38:01 Ballistics
38:55 Town Watch
40:45 Wheelbarrow
40:10 Town Patrol
41:46 Thumb Ring
42:59 Bow Saw
46:07 Imperial Age
47:30 Drill
48:07 Siege Engineers
49:16 Onager
51:54 Siege Onager
54:44 Chemistry
56:41 Heavy Scorpion
58:37 Capped Ram
MaximoMGM
4:07 Loom
12:54 Feudal Age
18:07 Castle Age
16:55 Double-Bit Axe
17:18 Horse Collar
17:42 Stone Mining
20:51 Heavy Plow
25:56 Fletching
26:00 Gold Mining
28:05 Gold Shaft Mining
28:25 Bodkin Arrow
29:54 Ballistics
32:30 Wheelbarrow
34:45 Imperial Age
32:47 Bow Saw
33:54 Padded Archer Armor
35:13 Masonry
35:31 Leather Archer Armor
35:49 Conscription
35:59 Maghrebi Camels
36:44 Hand Cart
36:40 Bracer
36:44 Husbandry
36:55 Bloodlines
37:36 Ring Archer Armor
37:41 Town Watch
38:41 Crop Rotation
39:14 Chemistry
38:29 Forging
39:02 Elite Camel Archer
40:39 Stone Shaft Mining
40:17 Kasbah
40:43 Murder Holes
40:22 Light Cavalry
41:10 Scale Barding Armor
41:50 Hoardings
41:20 Town Patrol
42:43 Hussar
44:52 Chain Barding Armor
46:22 Plate Barding Armor
47:24 Iron Casting
48:00 Siege Engineers
47:37 Treadmill Crane
51:56 Blast Furnace
50:17 Cavalier
53:52 Coinage
53:25 Caravan
53:55 Coinage
Connection lost

Rejoining the realm…

Still unreachable

The connection could not be restored.

Session expired

The server has moved on; the page needs a fresh start.